 Dungeon Crawl Stone Soup version 0.28-a0-991-g956f0ee3d5 (webtiles) character file.

Game seed: 7455121405211047789

999 voltaire321 the Sneak (level 8, -2/51 HPs)
             Began as an Octopode Earth Elementalist on Dec 4, 2021.
             Was an Initiate of Wu Jian.
             Slain by a hornet (5 damage)
             ... on level 5 of the Dungeon.
             The game lasted 00:18:58 (6921 turns).

voltaire321 the Sneak (Octopode Earth Elementalist) Turns: 6921, Time: 00:18:58

Health: -2/51      AC:  1    Str:  7    XL:     8   Next: 19%
Magic:  11/13      EV: 13    Int: 18    God:    Wu Jian [......]
Gold:   163        SH:  4    Dex: 14    Spells: 7/13 levels left

rFire   . . .      SeeInvis .   i - +2 club (spect)
rCold   . . .      Faith    .   f - +0 buckler
rNeg    . . .      Spirit   .   (helmet restricted)
rPois   +          Reflect  .   (no amulet)
rElec   .          Harm     .   n - ring of poison resistance
rCorr   .          Rampage  .   (no ring)
Will    .....                   (no ring)
Stlth   ++++......              (no ring)
HPRegen 0.17/turn               (no ring)
MPRegen 0.13/turn               (no ring)
                                (no ring)
                                (no ring)

@: lethally poisoned (-2 -> -8), slowed, very slow
A: almost no armour, amphibious, 8 rings, camouflage 1, gelatinous body 1,
(nimble swimmer 1), tentacles
a: Renounce Religion


You were on level 5 of the Dungeon.
You worshipped Wu Jian.
Wu Jian was noncommittal.
You visited 2 branches of the dungeon, and saw 6 of its levels.

You collected 221 gold pieces.
You spent 58 gold pieces at shops.

Inventory:

Hand Weapons
 i - a +2 spectral club (weapon)
Missiles
 b - 102 stones
 d - 11 poisoned darts
Armour
 f - a +0 buckler (worn)
Jewellery
 n - a ring of poison resistance (left tentacle)
Wands
 c - a wand of iceblast (5)
Scrolls
 e - a scroll of immolation {unknown}
 j - a scroll of enchant weapon {unknown}
 k - 4 scrolls of identify
 l - a scroll of noise {unknown}
Potions
 a - a potion of curing
 g - a potion of mutation {unknown}
 h - a potion of flight {unknown}
 m - a potion of might {unknown}
 o - 3 potions of magic {unknown}


   Skills:
 + Level 2.7 Fighting
 + Level 2.7 Throwing
 + Level 3.5 Dodging
 + Level 4.9 Stealth
 + Level 2.1 Shields
 + Level 1.8 Unarmed Combat
 + Level 3.4 Spellcasting
 + Level 2.2 Conjurations
 + Level 3.1 Transmutations
 + Level 4.3 Earth Magic


You had 7 spell levels left.
You knew the following spells:

 Your Spells              Type           Power      Damage    Failure   Level
a - Sandblast             Erth           36%        2d10      3%          1
b - Passwall              Tmut/Erth      13%        N/A       6%          2
c - Stone Arrow           Conj/Erth      28%        3d8       16%         3

Your spell library contained the following spells:

 Spells                   Type           Power      Damage    Failure   Level
 Petrify                  Tmut/Erth      16%        N/A       38%         4
 Gell's Gravitas          Tloc           3%         N/A       52%         3
 Lesser Beckoning         Tloc           3%         N/A       52%         3
 Teleport Other           Tloc           3%         N/A       52%         3
 Lee's Rapid Deconstruct  Erth           9%         3d8*      67%         5
 Fulminant Prism          Conj/Hex       3%         3d6       77%         4
 Iskenderun's Mystic Bla  Conj/Tloc      7%         2d4       77%         4
 Borgnjor's Vile Clutch   Necr/Erth      5%         N/A       92%         5
 Alistair's Intoxication  Tmut/Pois      5%         N/A       96%         5
 Eringya's Noxious Bog    Tmut/Pois      4%         N/A       100%        6


Dungeon Overview and Level Annotations

Branches:
Dungeon (5/15)             Temple (1/1) D:5

Altars:
Ashenzari
Cheibriados
Dithmenos
Elyvilon
Fedhas
Gozag
Hepliaklqana
Kikubaaqudgha
Makhleb
Nemelex Xobeh
Okawaru
Qazlal
Ru
Sif Muna
Trog
Uskayaw
Vehumet
Wu Jian
Xom
Yredelemnul
Zin
The Shining One

Shops:
D:2 [*((*

Annotations:
D:4 Edmund


Innate Abilities, Weirdness & Mutations

You cannot wear most types of armour.
You are amphibious.
You can wear up to eight rings at the same time.
Your skin changes colour to match your surroundings (Stealth+).
Your rubbery body absorbs attacks. (AC +1, EV +1)
((You are camouflaged near water. (Stealth+)))
You have tentacles for arms and can constrict up to eight enemies at once.


Message History

The hornet is severely wounded.
The hornet stings you!
You closely miss the hornet. You grab the hornet.
The hornet is severely wounded.
Your +2 spectral club hits the hornet but does no damage.
You constrict the hornet, but do no damage.
The hornet stings you. The hornet stings you!
You suddenly lose the ability to move!
You lose your grip on the hornet.
You can move again.
You hit the hornet but do no damage. Your grab misses the hornet.
The hornet is severely wounded.
Your +2 spectral club hits the hornet.
The hornet closely misses you. The hornet barely misses you.
You closely miss the hornet. Your grab misses the hornet.
The hornet is severely wounded.
Your +2 spectral club misses the hornet.
The hornet closely misses you. The hornet stings you.
You feel yourself slow down.
You hit the hornet but do no damage. Your grab misses the hornet.
The hornet is severely wounded.
Your +2 spectral club hits the hornet.
You feel yourself speed up. The hornet stings you.
* * * LOW HITPOINT WARNING * * *
You feel yourself slow down. The hornet stings you.
* * * LOW HITPOINT WARNING * * *
You are lethally poisoned!
You feel as though you will be slow longer.
The hornet barely misses you.
Casting: Sandblast (safe; 3% risk of failure)
Confirm with . or Enter, or press ? or * to list all spells.
Aiming: Sandblast (safe; 3% risk of failure)
Press: ? - help, Shift-Dir - straight line, f/p - hornet
Aim: a hornet (almost dead, 69% to hit)
The blast of sand hits the hornet.
The hornet is almost dead.
* * * LOW HITPOINT WARNING * * *
You feel very sick. The hornet stings you.
You die...

#.....#..............+..
#....#888#...........##.
#....8...8...........##.
#....8.>.8..............
#....8...8..............
#....#8.8#..##.......##.
#.....#.....##.......##.
.......#.................
..#+####@................
. #....y§.....[.......##'
#...................#..
#...................+..
#...................#..
+..........#######'##..
#...?......#...........
#..........+...<.....##
#.........#.


You could see a hornet.

Vanquished Creatures
  Menkaure (D:4)
  A water moccasin (D:5)
  An ogre (D:4)
  3 phantoms
  A scorpion (D:4)
  2 hounds
  A jelly (D:5)
  Ijyb (D:3)
  Natasha (thrice) (D:2)
  An orc wizard (D:4)
  A mummy (D:4)
  6 adders (D:2)
  3 gnolls (D:4)
  An ufetubus (D:5)
  An adder skeleton (D:4)
  2 worms (D:2)
  2 dart slugs
  11 orcs
  7 ball pythons
  8 bats
  7 endoplasms
  7 giant cockroaches
  A goblin (D:3)
  5 hobgoblins
  5 jackals
  7 quokkas
  3 frilled lizards (D:1)
  4 kobolds
  6 rats
102 creatures vanquished.

Vanquished Creatures (others)
  35 plants (D:2)
35 creatures vanquished.

Grand Total: 137 creatures vanquished

Notes
Turn   | Place    | Note
-------+----------+-------------------------------------------
     0 | D:1      | voltaire321 the Octopode Earth Elementalist began the quest
                  | for the Orb.
     0 | D:1      | Reached XP level 1. HP: 11/11 MP: 3/3
   188 | D:1      | Reached XP level 2. HP: 18/18 MP: 3/5
   202 | D:1      | Learned a level 2 spell: Passwall
   825 | D:1      | Reached XP level 3. HP: 22/22 MP: 6/6
  1331 | D:2      | Found Mumool's Antique Weapon Emporium.
  1420 | D:2      | Reached skill level 1 in Fighting
  1521 | D:2      | Reached skill level 1 in Throwing
  1536 | D:2      | Reached XP level 4. HP: 14/28 MP: 2/7
  1725 | D:2      | Found a faded altar of an unknown god.
  1842 | D:2      | Found Yphaemen's Antique Weapon Boutique.
  1849 | D:2      | Found Yttysch's Armour Boutique.
  1854 | D:2      | Noticed Natasha
  1868 | D:2      | Killed Natasha
  1922 | D:2      | Found Emnuul's Assorted Antiques.
  2082 | D:2      | Learned a level 3 spell: Stone Arrow
  2108 | D:2      | Bought a +0 buckler for 58 gold pieces
  2191 | D:2      | Found a shimmering blue altar of Sif Muna.
  2211 | D:2      | Reached XP level 5. HP: 16/33 MP: 8/8
  2318 | D:2      | Noticed Natasha
  2438 | D:2      | Killed Natasha
  2621 | D:2      | Found Seduc's General Store.
  2737 | D:2      | Noticed Natasha
  2742 | D:2      | Killed Natasha
  2811 | D:2      | You fall into a shaft and drop 2 floors!
  2876 | D:4      | Noticed an ogre
  3752 | D:3      | Noticed Ijyb
  3887 | D:3      | Killed Ijyb
  3888 | D:3      | Reached XP level 6. HP: 18/39 MP: 2/10
  4139 | D:3      | Reached skill level 1 in Conjurations
  4409 | D:4      | Reached skill level 1 in Shields
  4427 | D:4      | Noticed Menkaure
  4435 | D:4      | Killed Menkaure
  4436 | D:4      | Reached skill level 1 in Unarmed Combat
  4436 | D:4      | Reached XP level 7. HP: 27/45 MP: 5/11
  4618 | D:4      | Noticed Edmund
  5315 | D:4      | Found a snail-covered altar of Cheibriados.
  5548 | D:4      | HP: 1/45 [Edmund (13)]
  6032 | D:5      | Entered Level 5 of the Dungeon
  6163 | D:5      | Reached XP level 8. HP: 18/51 MP: 9/13
  6594 | D:5      | Found a staircase to the Ecumenical Temple.
  6602 | D:5      | Noticed a hornet
  6610 | Temple   | Entered the Ecumenical Temple
  6646 | Temple   | Became a worshipper of the Wu Jian Council
  6917 | D:5      | Paralysed by a hornet for 1 turns
  6921 | D:5      | Slain by a hornet

Illustrated notes

Levels and vault maps discovered:
D:1:      erik_arrival_cave_to_civilisation [erik_arrival_cave_to_hall],
          layout_loops_ring
D:2:      wad_woods_stonehenge, layout_basic, serial_shops,
          nicolae_shop_statue_plus, nicolae_shop_statue_plus, shop,
          nicolae_shop_stone, shop, ebering_ecumenical_altar_rust,
          minmay_misc_feat_enclosed, uniq_natasha
D:3:      layout_rooms, minivault_5, serial_bayou_pond_d,
          kennysheep_generic_room_14, uniq_ijyb
D:4:      layout_loops_cross, slow_altar_1, uniq_menkaure, uniq_edmund
D:5:      layout_gridville, minmay_temple_entry_statues
Temple:   regret_index_temple_sigil_plot

Skill      XL: |  1  2  3  4  5  6  7 |
---------------+----------------------+-----
Stealth        | 3 4 |  4.9
Fighting       | 1 2 |  2.7
Throwing       | 1 2 |  2.7
Transmutations | 2 3 |  3.1
Conjurations   | 1 2 |  2.2
Shields        | 1 2 |  2.1
Dodging        | 3 |  3.5
Unarmed Combat | 1 |  1.8
Spellcasting   | 3 |  3.4
Earth Magic    | 4 |  4.3

Action                   |  1- 3 |  4- 6 |  7- 9 || total
-------------------------+-------+-------+-------++-------
Melee: Unarmed           |    80 |    96 |       ||   176
       Constrict         |    20 |    30 |    15 ||    65
       Tentacles         |    17 |    29 |    10 ||    56
       Club              |       |    10 |    68 ||    78
 Cast: Sandblast         |    23 |    44 |    18 ||    85
  Use: Scroll            |       |     3 |     1 ||     4
 Stab: Sleeping          |     8 |     6 |       ||    14
       Distracted        |       |       |     1 ||     1
Armor: Skin              |     9 |     5 |       ||    14
Dodge: Dodged            |    61 |    62 |    42 ||   165
Block: Buckler           |       |     8 |     4 ||    12

Table legend: (Time is in decaauts)
 A = Elapsed time spent in this place.
 B = Non-inter-level travel time spent in this place.
 C = Inter-level travel time spent in this place.
 D = Time resting spent in this place.
 E = Time spent auto-exploring this place.
 F = Levels seen in this place.
 G = Mean time per level.
                   A        B        C        D        E       F      G
               +--------+--------+--------+--------+--------+-----+--------+
         Total |   6956 |   6757 |    199 |   2761 |   2425 |   6 | 1159.3 |
       Dungeon |   6657 |   6496 |    161 |   2761 |   2201 |   5 | 1331.4 |
        Temple |    298 |    260 |     38 |      0 |    224 |   1 |  298.0 |
               +--------+--------+--------+--------+--------+-----+--------+

Top non-repeatable levels by time:
     D:2: 1773 daAuts
     D:4: 1688 daAuts
     D:1: 1311 daAuts
     D:3: 1289 daAuts
     D:5: 596 daAuts
  Temple: 298 daAuts
